 Dungeon Crawl Stone Soup version 0.29.1-1-gd02db6906a (webtiles) character file.

Game seed: 13360241987827316079

9846 GeoRichter the Frost Mage (level 11, -4/78 HPs)
             Began as a Demonspawn Ice Elementalist on Oct 17, 2022.
             Was a High Priest of Fedhas.
             Slain by a komodo dragon (5 damage)
             ... on level 1 of the Lair of Beasts.
             The game lasted 00:33:18 (11499 turns).

GeoRichter the Frost Mage (DsIE)                   Turns: 11499, Time: 00:33:19

Health: -4/78      AC: 21    Str: 12    XL:     11   Next: 28%
Magic:  17/21      EV: 11    Int: 16    God:    Fedhas [*****.]
Gold:   570        SH:  0    Dex: 19    Spells: 17/24 levels left

rFire   + + +      SeeInvis .   C - +3 rapier (elec)
rCold   . . .      Faith    .   (no shield)
rNeg    + . .      Spirit   .   n - +2 scale mail of Puodgh {+Blink Fly rF+++}
rPois   .          Reflect  .   (no helmet)
rElec   .          Harm     .   L - +0 cloak
rCorr   .          Rampage  .   u - +1 pair of gloves {infuse}
Will    +....                   a - +0 pair of boots of Ramic {rN+ Slay+5}
Stlth   +++.......              c - amulet of the acrobat
HPRegen 0.23/turn               k - +4 ring of protection
MPRegen 0.34/turn               D - ring of willpower

@: ice-armoured, freezing walls, flying
A: claws 1, thin skeletal structure 2, ignite blood 1, magic regeneration
a: Renounce Religion, Evoke Blink, Wall of Briars, Grow Ballistomycete,
Overgrow, Grow Oklob


You were on level 1 of the Lair of Beasts.
You worshipped Fedhas.
Fedhas was extremely pleased with you.
You visited 2 branches of the dungeon, and saw 10 of its levels.

You collected 570 gold pieces.

Inventory:

Hand Weapons
 C - a +3 rapier of electrocution (weapon)
   (You found it on level 4 of the Dungeon)
 K - a +0 shortbow
   (You took it off a centaur on level 8 of the Dungeon)
 M - a +0 arbalest of freezing
   (You found it on level 9 of the Dungeon)
Armour
 a - the +0 pair of boots of Ramic (worn) {rN+ Slay+5}
   (You acquired it on level 1 of the Lair of Beasts)

   Slay:      It affects your accuracy & damage with ranged weapons and melee
   (+5).
   rN:        It protects you from negative energy.
 n - the +2 scale mail of Puodgh (worn) {+Blink Fly rF+++}
   (You found it on level 2 of the Dungeon)

   rF:        It renders you almost immune to fire.
   Fly:       It grants you flight.
   +Blink:    It lets you blink.
 u - a +1 pair of gloves of infusion (worn)
   (You found it on level 3 of the Dungeon)
 L - a +0 cloak (worn)
   (You found it on level 9 of the Dungeon)
Jewellery
 c - an amulet of the acrobat (around neck)
   (You found it on level 1 of the Dungeon)
 k - a +4 ring of protection (left hand)
   (You found it on level 1 of the Dungeon)
 D - a ring of willpower (right hand)
   (You found it on level 5 of the Dungeon)
Wands
 w - a wand of flame (94)
   (You found it on level 4 of the Dungeon)
 y - a wand of mindburst (10)
   (You found it on level 4 of the Dungeon)
 G - a wand of charming (13)
   (You found it on level 7 of the Dungeon)
Scrolls
 g - a scroll of enchant weapon
 h - 2 scrolls of fog
 i - a scroll of immolation {!r}
 m - 2 scrolls of enchant armour
 o - a scroll of fear
 A - a scroll of poison {!r}
 B - 6 scrolls of teleportation {@r4}
Potions
 b - a potion of magic
 d - a potion of mutation {unknown}
 e - 2 potions of flight
 j - 2 potions of brilliance
 l - a potion of heal wounds {unknown}
 p - 6 potions of curing {@q1}
 q - a potion of might {unknown}
 r - 3 potions of attraction {!q}
 x - a potion of haste {unknown}
 F - 4 potions of lignification {!q}
 J - a potion of resistance {unknown}


   Skills:
 + Level 4.9 Fighting
 - Level 2.3 Long Blades
 * Level 4.0 Ranged Weapons
 + Level 4.4 Armour
 + Level 4.9 Dodging
 - Level 1.7 Stealth
 - Level 7.0 Spellcasting
 - Level 11.0 Ice Magic
 + Level 4.8 Invocations
 - Level 4.0 Evocations


You had 17 spell levels left.
You knew the following spells:

 Your Spells              Type           Power      Damage    Failure   Level
a - Freeze                Ice            100%       1d11      1%          1
b - Frozen Ramparts       Ice            80%        1d13      1%          3
c - Ozocubu's Armour      Ice            40%        N/A       1%          3

Your spell library contained the following spells:

 Spells                   Type           Power      Damage    Failure   Level
 Sandblast                Erth           10%        2d5       50%         1
 Sting                    Tmut/Pois      20%        1d4       50%         1
 Hailstorm                Conj/Ice       23%        3d7       52%         4
 Ice Form                 Ice/Tmut       23%        N/A       52%         4
 Summon Ice Beast         Ice/Summ       23%        N/A       52%         4
 Blink                    Tloc           10%        N/A       65%         2
 Passwall                 Tmut/Erth      4%         N/A       65%         2
 Poisonous Vapours        Pois/Air       10%        N/A       65%         2
 Confusing Touch          Hex            5%         N/A       86%         3
 Dazzling Flash           Conj/Hex       10%        N/A       86%         3
 Gell's Gravitas          Tloc           5%         N/A       86%         3
 Lesser Beckoning         Tloc           5%         N/A       86%         3
 Stone Arrow              Conj/Erth      10%        3d7       86%         3
 Teleport Other           Tloc           5%         N/A       86%         3
 Iskenderun's Mystic Bla  Conj/Tloc      5%         2d3       99%         4
 Olgreb's Toxic Radiance  Pois           5%         N/A       99%         4
 Manifold Assault         Tloc           5%         N/A       100%        5
 Yara's Violent Unravell  Hex/Tmut       2%         3d3       100%        5
 Starburst                Conj/Fire      2%         6d3       100%        6
 Enfeeble                 Hex            2%         N/A       100%        7
 Storm Form               Tmut/Air       2%         N/A       100%        7


Dungeon Overview and Level Annotations

Branches:
Dungeon (9/15) Zot: 24798  Temple (0/1) D:5            Lair (1/5) D:9 Zot: 5918
    Orc: D:9-12

Altars:
Fedhas
Okawaru
Qazlal
Wu Jian
Yredelemnul

Shops:
D:4 :   D:5 =   D:7 [

Annotations:
D:9 Erolcha


Innate Abilities, Weirdness & Mutations

You have sharp fingernails.
You have a moderately thin skeletal structure. (Dex +4, Stealth++)
Your demonic aura sometimes causes spilled blood to erupt in flames.
You regenerate magic rapidly.


Message History

As you read the scroll of identify {@r1}, it crumbles to dust.
F - 4 potions of lignification
As you read the scroll of identify {@r1}, it crumbles to dust.
r - 3 potions of attraction
Okay, then.
As you read the scroll of identify {@r1}, it crumbles to dust.
e - 2 potions of flight
As you read the scroll of identify {@r1}, it crumbles to dust.
j - 2 potions of brilliance Something appears at your feet!
a - the +0 pair of boots of Ramic {rN+ Slay+5} You start removing your armour.
You continue taking off your +0 pair of boots. x4
You finish taking off your +0 pair of boots.
You start putting on your armour.
You continue putting on the +0 pair of boots of Ramic {rN+ Slay+5}. x5
You finish putting on the +0 pair of boots of Ramic {rN+ Slay+5}.
You drop a +0 pair of gloves.
You drop a +0 pair of boots.
You drop an amulet of magic regeneration.
You start resting.
You hear the rumble of a very distant avalanche of rocks.
You start resting.
A komodo dragon is nearby!
Found a stone staircase leading down.
The walls around you are covered in ice.
The wall freezes the komodo dragon.
The komodo dragon bites you. A film of ice covers your body!
The wall freezes the komodo dragon but does no damage.
The komodo dragon bites you!
* * * LOW HITPOINT WARNING * * *
You barely miss the komodo dragon.
The wall freezes the komodo dragon!
The komodo dragon seems to slow down.
The komodo dragon bites you!
* * * LOW HITPOINT WARNING * * *
You fail to use your ability.
The wall freezes the komodo dragon.
The komodo dragon barely misses you.
You fail to use your ability.
You fail to use your ability.
The wall freezes the komodo dragon!
The komodo dragon seems to slow down.
The komodo dragon bites you!
* * * LOW HITPOINT WARNING * * *
You feel better.
The wall freezes the komodo dragon but does no damage.
The komodo dragon bites you!
* * * LOW HITPOINT WARNING * * *
As you read the scroll of fear, it crumbles to dust.
You assume a fearsome visage.
The komodo dragon resists with some effort.
The wall freezes the komodo dragon.
The komodo dragon bites you.
You die...
Fedhas appreciates your contribution to the ecosystem.

### **#
**#########.#########.###*
*,......>@.............$.,
*,#.######l......<.......,
*,,** *#.......P#####..,
*,******#..............*,,
*,***,.................,,,
*,,,,..##..............P,,
*,***.,,##.............#,,
*,* *,,**#.......#......,,
*,* **** #.......#.....#,,


You could see a komodo dragon (slow).

Vanquished Creatures
  A hydra (D:8)
  A deep elf pyromancer (D:9)
  An ugly thing (D:8)
  A cyclops (D:8)
  Maurice (D:9)
  2 kobold demonologists (D:9)
  A komodo dragon (D:9)
  A troll (D:6)
  A hornet (D:9)
  Prince Ribbit (D:9)
  A shadow (D:9)
  9 yaks (D:9)
  A steam dragon (D:7)
  3 water moccasins
  3 black bears
  2 ogres (D:6)
  4 centaurs
  A phantom (D:5)
  Blork the orc (D:4)
  21 kobold brigands
  2 bullfrogs
  3 scorpions (D:5)
  4 wights (D:8)
  17 killer bees
  2 howler monkeys
  6 hounds
  An orc priest (D:7)
  A gnoll bouda (D:4)
  2 jellies
  3 iguanas
  Ijyb (D:5)
  2 orc wizards (D:5)
  6 gnolls
  9 adders
  A shadow imp (D:8)
  A worm (D:3)
  3 dart slugs
  12 orcs
  7 endoplasms
  3 giant cockroaches
  2 goblins (D:1)
  7 hobgoblins
  3 jackals (D:4)
  31 kobolds
  3 quokkas
  9 ball pythons
  5 bats
  4 frilled lizards
  6 rats
213 creatures vanquished.

Vanquished Creatures (collateral kills)
  An ice beast (D:6)
  A phantom (D:3)
2 creatures vanquished.

Vanquished Creatures (others)
  54 plants
54 creatures vanquished.

Grand Total: 269 creatures vanquished

Notes
Turn   | Place    | Note
-------+----------+-------------------------------------------
     0 | D:1      | GeoRichter the Demonspawn Ice Elementalist began the quest
                  | for the Orb.
     0 | D:1      | Reached XP level 1. HP: 13/13 MP: 3/3
   641 | D:1      | Gained mutation: You regenerate magic rapidly. [demonic
                  | ancestry]
   641 | D:1      | Reached XP level 2. HP: 19/19 MP: 1/5
   740 | D:1      | Found a faded altar of an unknown god.
   774 | D:1      | Prayed at the altar of an unknown god.
   774 | D:1      | Became a worshipper of Fedhas Madash
   774 | D:1      | Reached * piety under Fedhas
   799 | D:1      | Reached skill level 4 in Ice Magic
  1756 | D:2      | Identified the +2 scale mail of Puodgh {+Blink Fly rF+++}
  1812 | D:2      | Gained mutation: You have a somewhat thin skeletal
                  | structure. (Dex +2, Stealth+) [demonic ancestry]
  1812 | D:2      | Reached XP level 3. HP: 24/24 MP: 4/6
  1985 | D:2      | Reached ** piety under Fedhas
  2523 | D:2      | Learned a level 3 spell: Frozen Ramparts
  2527 | D:2      | Learned a level 3 spell: Ozocubu's Armour
  2759 | D:3      | Noticed a phantom
  3165 | D:3      | Found an ornate altar of the Wu Jian Council.
  3169 | D:3      | Gained mutation: Your demonic aura sometimes causes spilled
                  | blood to erupt in flames. [demonic ancestry]
  3169 | D:3      | Reached XP level 4. HP: 30/30 MP: 6/8
  3224 | D:3      | Killed a phantom
  3225 | D:3      | Reached skill level 5 in Ice Magic
  3225 | D:3      | Reached XP level 5. HP: 8/35 MP: 4/9
  4499 | D:4      | Noticed a black bear
  4515 | D:4      | Killed a black bear
  4516 | D:4      | Reached XP level 6. HP: 38/41 MP: 2/11
  4569 | D:4      | Reached skill level 6 in Ice Magic
  4816 | D:4      | Found Ucyel's Book Boutique.
  5073 | D:4      | Noticed Blork the orc
  5123 | D:4      | Killed Blork the orc
  5374 | D:5      | Entered Level 5 of the Dungeon
  5380 | D:5      | Noticed Ijyb
  5387 | D:5      | Killed Ijyb
  5455 | D:5      | Reached XP level 7. HP: 41/46 MP: 8/13
  5522 | D:5      | Found a staircase to the Ecumenical Temple.
  5528 | D:5      | Reached *** piety under Fedhas
  5529 | D:5      | Reached skill level 7 in Ice Magic
  5741 | D:5      | Reached skill level 5 in Spellcasting
  5872 | D:5      | Found Uraelih's Jewellery Shoppe.
  6072 | D:6      | Gained mutation: You have a moderately thin skeletal
                  | structure. (Dex +4, Stealth++) [demonic ancestry]
  6072 | D:6      | Reached XP level 8. HP: 47/52 MP: 10/15
  6098 | D:6      | Noticed a troll
  6107 | D:6      | Killed a troll
  6108 | D:6      | Reached skill level 8 in Ice Magic
  6422 | D:6      | Found a stormy altar of Qazlal.
  6533 | D:6      | Reached skill level 9 in Ice Magic
  6996 | D:6      | Found a basalt altar of Yredelemnul.
  7179 | D:7      | Reached XP level 9. HP: 57/57 MP: 12/18
  7396 | D:7      | Found Zikef's Armour Shop.
  8132 | D:8      | Reached skill level 10 in Ice Magic
  8386 | D:8      | Reached **** piety under Fedhas
  8484 | D:8      | Reached skill level 11 in Ice Magic
  8613 | D:8      | Reached skill level 1 in Fighting
  8613 | D:8      | Reached skill level 1 in Armour
  8646 | D:8      | Reached skill level 1 in Evocations
  8671 | D:8      | Noticed a cyclops
  8711 | D:8      | Noticed a green ugly thing
  8711 | D:8      | Killed a cyclops
  8712 | D:8      | Noticed a seven-headed hydra
  8719 | D:8      | Killed a green ugly thing
  8720 | D:8      | Gained mutation: You have sharp fingernails. [demonic
                  | ancestry]
  8720 | D:8      | Reached XP level 10. HP: 53/68 MP: 6/20
  8723 | D:8      | Killed a seven-headed hydra
  9268 | D:9      | Noticed a deep elf pyromancer
  9358 | D:9      | Reached skill level 1 in Invocations
  9360 | D:9      | Reached skill level 1 in Ranged Weapons
  9369 | D:9      | HP: 3/70 [poisoned by a killer bee]
 10022 | D:9      | Noticed Prince Ribbit
 10196 | D:9      | Killed Prince Ribbit
 10332 | D:9      | Noticed Erolcha
 10477 | D:9      | Noticed Maurice
 10483 | D:9      | Killed Maurice
 10673 | D:9      | Found an iron altar of Okawaru.
 10698 | D:9      | Reached XP level 11. HP: 62/78 MP: 14/21
 10793 | D:9      | Reached skill level 1 in Long Blades
 10799 | D:9      | Reached ***** piety under Fedhas
 11312 | D:9      | Killed a deep elf pyromancer
 11349 | D:9      | Found a staircase to the Lair.
 11361 | Lair:1   | Entered Level 1 of the Lair of Beasts
 11429 | Lair:1   | Identified a scroll of acquirement
 11439 | Lair:1   | Acquired the +0 pair of boots of Ramic {rN+ Slay+5}
 11498 | Lair:1   | HP: 1/78 [komodo dragon (17)]
 11499 | Lair:1   | Slain by a komodo dragon

Illustrated notes

Levels and vault maps discovered:
D:1:      ncdulo_wetmaze, layout_basic, hellmonk_ecumenical_altar_prayer_group,
          serial_co_window_serial, co_window_paths_b, co_window_paths_b,
          co_window_paths_b, co_window_corner_a, co_window_cross_1,
          co_window_paths_a, co_window_corner_a, co_window_paths_a,
          co_window_paths_b, co_window_2corner, co_window_cross_2,
          co_window_corner_b, co_window_corner_ca, co_window_sun,
          co_window_paths_e, glass_columns_b, glass_columns_a, glass_columns_a,
          glass_columns_b
D:2:      layout_basic, chequers_serial_rivers_micro_a,
          minmay_misc_feat_more_columns, hangedman_decor_riveting
D:3:      layout_basic, mainiacjoe_overflow_chevrons, minmay_surrounded
D:4:      layout_loops_ring, serial_shops, nicolae_shop_advertising_works
          [nicolae_subvault_shop_adworks], serial_bayou_crossing,
          uniq_blork_the_orc
D:5:      cheibrodos_quashed, layout_rooms, minmay_temple_entry_waves,
          serial_shops, kennysheep_mini, uniq_ijyb
D:6:      layout_basic, mainiacjoe_overflow_six_doors_small,
          nicolae_qazlal_scattered_showers
D:7:      layout_loops_ring, serial_shops, shop
D:8:      minmay_cornered_nines, layout_basic, chequers_serial_rivers_micro_e,
          minmay_misc_feat_enclosed, kennysheep_small_spiral, kennysheep_nub
D:9:      layout_roguey [special_room_kobold], okawaru_ov_weapons_minmay,
          david_lair_shrubbed, uniq_prince_ribbit1, uniq_maurice, uniq_erolcha
Lair:1:   layout_regular_city, gammafunk_ghost_abyssal_escape, enter_volcano_2,
          serial_bayou_lagoon_a

Skill      XL: |  1  2  3  4  5  6  7  8  9 10 11 |
---------------+----------------------------------+-----
Ice Magic      | 4 5 6 7 9 11 | 11.0
Spellcasting   | 3 4 5 6 7 |  7.0
Dodging        | 3 4 |  4.9
Fighting       | 2 4 |  4.9
Armour         | 2 4 |  4.4
Evocations     | 3 4 |  4.0
Invocations    | 3 4 |  4.8
Ranged Weapons | 4 |  4.0
Long Blades    | 2 |  2.3
Stealth        | |  1.7

Action                   |  1- 3 |  4- 6 |  7- 9 | 10-12 || total
-------------------------+-------+-------+-------+-------++-------
Melee: Unarmed           |     4 |       |       |       ||     4
       Dagger            |    22 |    47 |       |       ||    69
       Rapier            |       |    30 |   153 |    97 ||   280
       Punch             |       |     1 |     1 |     1 ||     3
 Cast: Freeze            |    61 |    25 |     1 |     3 ||    90
       Frozen Ramparts   |       |    13 |    31 |    29 ||    73
       Ozocubu's Armour  |       |     8 |    20 |    14 ||    42
Invok: Wall of Briars    |       |     2 |     1 |       ||     3
Evoke: Wand              |       |     2 |     2 |       ||     4
  Use: Scroll            |       |       |       |    19 ||    19
       Potion            |       |       |       |     1 ||     1
 Stab: Sleeping          |     2 |     3 |     4 |       ||     9
Armor: Robe              |    10 |    29 |    12 |       ||    51
       Scale mail        |       |     1 |    80 |    51 ||   132
Dodge: Dodged            |    39 |    66 |   116 |    56 ||   277
